Map: Cyber Forest LE

Players

Lambo - Winner!

  • Race: Zerg Zerg
  • League: Grandmaster
  • Spawn Location: 11:00

HateMe

  • Race: Zerg Zerg
  • Spawn Location: 5:00

Event: 2019 WCS Winter Europe

VOD

Have the link to the VOD?

Description

Time

  • Played on: Feb. 15, 2019, 9:25 a.m.
  • Length: 7:15

All games in this series

Show
View Real Time Build Order
Export as new Build Order

Lambo Zerg - Winner!

Build Orders: Hatch First 

Get SALT Encoding   

  12  0:00  Drone  
  13  0:12  Overlord  
  13  0:16  Drone  
  14  0:30  Drone x2  
  16  0:48  Hatchery  
  15  0:51  Drone  
  15  0:55  Drone  
  17  1:09  Spawning Pool  
  16  1:12  Extractor  
  16  1:14  Drone  
  16  1:18  Drone  
  17  1:21  Drone  
  18  1:30  Drone  
  19  1:40  Drone  
  20  1:49  Overlord  
  20  1:56  Queen  
  20  1:59  Queen  
  24  2:03  Drone  
  24  2:04  Drone  
  26  2:10  Drone  
  26  2:12  Drone  
  26  2:13  Metabolic Boost  
  28  2:23  Zergling x2  
  28  2:24  Drone  
  30  2:34  Drone x2  
  32  2:41  Hatchery  
  31  2:47  Baneling Nest  
  31  2:49  Drone  
  31  2:53  Overlord  
  31  2:55  Drone  
  32  3:00  Zergling x2  
  33  3:05  Drone  
  33  3:06  Drone  
  33  3:08  Zergling x2  
  36  3:13  Zergling x4  
  36  3:17  Drone x2  
  36  3:18  Drone  
  36  3:19  Overlord  
  41  3:24  Evolution Chamber  
  40  3:27  Drone  
  40  3:30  Queen  
  40  3:33  Drone  
  44  3:39  Drone x2  
  44  3:40  Drone  
  47  3:43  Drone  
  47  3:45  Drone x2  
  50  3:48  Extractor  
  50  3:49  Drone  
  50  3:50  Extractor  
  50  3:55  Drone, Zerg Ground Armor Level 1  
  50  4:01  Overlord  
  50  4:07  Roach Warren  
  49  4:10  Drone x3  
  49  4:14  Drone x2  
  49  4:16  Overlord  
  54  4:20  Overlord  
  54  4:21  Zergling x2  
  55  4:24  Baneling x3  
  55  4:29  Baneling x2, Zergling x2  
  55  4:30  Zergling x2  
  57  4:32  Overlord  
  57  4:34  Zergling x2  
  58  4:41  Overlord  
  58  4:46  Zergling x6  
  57  5:05  Roach x9  
  74  5:11  Roach x3  
  79  5:14  Overlord  
  79  5:16  Roach  
  81  5:22  Roach x3  
  90  5:28  Roach x2  
  90  5:35  Zergling x10  
  93  5:39  Zergling x2  
  93  5:45  Ravager, Zergling x6  
  93  5:46  Zergling x6  
  100  5:50  Baneling x5  
  100  5:51  Zergling x2  
  100  5:55  Zergling x4  
  103  5:58  Zergling x4  
  103  6:01  Overlord  
  105  6:08  Zergling x6  
  105  6:15  Zergling x2  
  105  6:16  Zergling x8  
  96  6:19  Zergling x8  
  96  6:21  Zergling x2  
  96  6:25  Zergling x4  
  96  6:27  Zergling x2  
  96  6:29  Ravager x2  
  96  6:30  Zergling x2  
  94  6:35  Zergling x6  
  94  6:38  Zergling x2  
  94  6:39  Ravager x2  
  94  6:42  Zergling x2  
  94  6:45  Zergling x4  
  94  6:46  Zergling x2  
  95  6:49  Zergling x2  
  95  6:50  Zergling x2  
  96  6:56  Zergling x4  
Show
View Real Time Build Order
Export as new Build Order

HateMe Zerg 

Build Orders: Hatch First 

Get SALT Encoding   

  12  0:00  Drone  
  13  0:12  Overlord  
  13  0:16  Drone  
  14  0:30  Drone x2  
  16  0:48  Hatchery  
  15  0:51  Drone  
  15  0:54  Drone  
  17  0:58  Drone  
  18  1:11  Spawning Pool  
  18  1:12  Extractor  
  18  1:16  Drone  
  17  1:20  Drone  
  18  1:28  Drone  
  19  1:41  Drone  
  20  1:49  Drone  
  21  1:59  Overlord, Queen  
  21  2:00  Queen  
  21  2:01  Drone  
  26  2:11  Drone  
  26  2:12  Drone  
  26  2:13  Metabolic Boost  
  28  2:21  Drone  
  28  2:22  Drone  
  30  2:34  Hatchery  
  30  2:35  Drone  
  30  2:36  Drone  
  31  2:43  Drone  
  31  2:44  Drone  
  33  2:50  Baneling Nest  
  32  2:53  Overlord  
  32  2:59  Zergling x2  
  32  3:05  Zergling x4  
  35  3:07  Zergling x2  
  35  3:09  Overlord x2  
  35  3:12  Drone  
  37  3:15  Drone x2  
  37  3:17  Drone  
  37  3:19  Drone  
  41  3:27  Drone  
  41  3:28  Queen  
  41  3:33  Evolution Chamber  
  43  3:34  Baneling x3  
  43  3:36  Zergling x2  
  43  3:40  Zergling x2  
  43  3:41  Drone x2  
  47  3:45  Drone  
  48  3:48  Drone x2  
  48  3:49  Drone  
  48  3:51  Drone  
  48  3:52  Drone  
  48  3:54  Drone  
  54  3:58  Drone  
  54  4:01  Zerg Missile Weapons Level 1  
  54  4:02  Drone  
  56  4:04  Drone  
  56  4:10  Overlord  
  56  4:12  Drone x2  
  58  4:17  Drone  
  58  4:18  Drone x2  
  58  4:23  Zergling x2  
  58  4:24  Zergling x2  
  63  4:25  Overlord, Roach Warren  
  63  4:26  Drone  
  63  4:27  Drone  
  63  4:29  Drone  
  65  4:34  Drone  
  66  4:39  Drone x2  
  66  4:44  Baneling  
  66  4:45  Baneling  
  68  4:50  Drone x10  
  68  4:52  Extractor  
  77  4:53  Extractor  
  77  4:54  Extractor  
  69  5:02  Zergling x4  
  69  5:03  Drone  
  69  5:07  Extractor  
  70  5:08  Overlord  
  69  5:14  Zergling x4  
  69  5:17  Hatchery, Zergling x2  
  71  5:21  Zergling x2  
  71  5:27  Zergling x8  
  67  5:31  Zergling x2  
  67  5:42  Roach x8  
  82  5:45  Spine Crawler  
  82  5:47  Spine Crawler x2  
  82  5:48  Roach x2  
  83  5:53  Roach  
  83  5:55  Baneling  
  83  5:56  Baneling x6  
  85  5:59  Roach  
  85  6:00  Roach  
  89  6:09  Roach  
  88  6:16  Roach x5  
  85  6:21  Zergling x8  
  89  6:29  Zergling x8  
  81  6:37  Roach  
  81  6:38  Roach x2  
  68  6:42  Roach  
  68  6:43  Roach x2  
  68  6:45  Roach  
  68  6:46  Roach  
  70  6:51  Roach  
  70  6:54  Roach  
Tags
 
Add a new tag
Caveats
  • Supply blocks, unpowered buildings, or Contaminate may cause inaccurate times.
  • Supply counts are checked every 10 seconds.